 Dungeon Crawl Stone Soup version 0.23-a0-456-gc514d67198 (webtiles) character file.

9986 Hercules1031 the Blocker (level 11, -5/89 HPs)
             Began as a Gnoll Fighter on Nov 24, 2018.
             Was a High Priest of Cheibriados.
             Slain by an orc warlord
             ... wielding the +6 great mace of Internal Strife {venom, MP+9}
              (32 damage)
             ... on level 1 of the Orcish Mines on Nov 25, 2018.
             The game lasted 00:33:37 (8908 turns).

Hercules1031 the Blocker (Gnoll Fighter)            Turns: 8908, Time: 00:33:37

Health: -5/89      AC: 18    Str: 36    XL:     11   Next: 55%
Magic:  20/20      EV: 22    Int: 25    God:    Cheibriados [*****.]
Gold:   1227       SH: 15    Dex: 33    Spells: 22/22 levels left

rFire    + . .     SeeInvis .   a - +3 war axe
rCold    . . .     Gourm    .   c - +0 shield
rNeg     . . .     Faith    .   E - +0 plate armour
rPois    +         Spirit   .   (no helmet)
rElec    .         Reflect  .   u - +1 cloak
rCorr    .         Harm     .   D - +0 pair of gloves
MR       .....                  (no boots)
Stlth    +.........             (no amulet)
HPRegen  0.24/turn              h - +3 ring of evasion
MPRegen  0.17/turn              v - ring of protection from fire

@: agile, very slow
A: distributed training, fangs 1, hooves 1, poison resistance, screaming 1,
strong nose
a: Bend Time, Temporal Distortion, Slouch, Step From Time, Renounce Religion


You were on level 1 of the Orcish Mines.
You worshipped Cheibriados.
Cheibriados was extremely pleased with you.
You were full.

You visited 2 branches of the dungeon, and saw 10 of its levels.
You also visited: Ossuary.

You collected 1227 gold pieces.

Inventory:

Hand Weapons
 a - a +3 war axe (weapon)
 l - a +0 battleaxe
 w - a +4 rapier
Armour
 c - a +0 shield (worn)
 u - a +1 cloak (worn)
 D - a +0 pair of gloves (worn)
 E - a +0 plate armour (worn)
Jewellery
 h - a +3 ring of evasion (left hand)
 o - an uncursed ring of fire
 v - a ring of protection from fire (right hand)
Wands
 t - a wand of flame (61)
 C - a wand of paralysis (9)
Scrolls
 d - 2 scrolls of magic mapping
 j - 6 scrolls of fog
 m - 7 scrolls of teleportation
 p - 2 scrolls of identify
 q - 5 scrolls of remove curse
 x - a scroll of torment
Potions
 r - 4 potions of brilliance
 s - a potion of ambrosia
 z - a potion of lignification
 B - a potion of cancellation
Comestibles
 f - 9 rations


   Skills:
 + Level 9.2 Fighting
 + Level 6.3 Short Blades
 + Level 6.3 Long Blades
 + Level 7.9 Axes
 + Level 6.3 Maces & Flails
 + Level 6.3 Polearms
 + Level 6.3 Staves
 + Level 6.3 Slings
 + Level 6.3 Bows
 + Level 6.3 Crossbows
 + Level 6.3 Throwing
 + Level 9.2 Armour
 + Level 6.3 Dodging
 + Level 6.3 Stealth
 + Level 9.2 Shields
 + Level 6.3 Unarmed Combat
 + Level 6.3 Spellcasting
 + Level 5.2 Conjurations
 + Level 5.2 Hexes
 + Level 5.2 Charms
 + Level 5.2 Summonings
 + Level 5.2 Necromancy
 + Level 5.2 Translocations
 + Level 5.2 Transmutations
 + Level 5.2 Fire Magic
 + Level 5.2 Ice Magic
 + Level 5.2 Air Magic
 + Level 5.2 Earth Magic
 + Level 5.2 Poison Magic
 + Level 6.9 Invocations
 + Level 6.3 Evocations


You had 22 spell levels left.
You didn't know any spells.
Your spell library contained the following spells:

 Spells                   Type           Power        Failure   Level  Hunger
 Flame Tongue             Conj/Fire      ####.        10%         1    None
 Shock                    Conj/Air       ####         10%         1    None
 Poisonous Vapours        Pois/Air       ####..       16%         2    None
 Swiftness                Chrm/Air       ####....     16%         2    None
 Throw Flame              Conj/Fire      ####..       16%         2    None
 Conjure Flame            Conj/Fire      ####....     30%         3    None
 Inner Flame              Hex/Fire       ####....     30%         3    None
 Mephitic Cloud           Conj/Pois/Air  ####....     30%         3    None
 Static Discharge         Conj/Air       ####....     30%         3    None
 Airstrike                Air            ####......   69%         4    ###....
 Sticky Flame             Conj/Fire      ####....     69%         4    ###....
 Fireball                 Conj/Fire      ####......   95%         5    #####..
 Lightning Bolt           Conj/Air       ####......   95%         5    #####..
 Freezing Cloud           Conj/Ice/Air   ####......   100%        6    ######.
 Ring of Flames           Chrm/Fire      ####......   100%        7    #######


Dungeon Overview and Level Annotations

Branches:
Dungeon (9/15)             Temple (0/1) D:5             Orc (1/2) D:9
   Lair: D:8-11

Altars:
Ashenzari
Cheibriados
Makhleb
Nemelex Xobeh
Okawaru
Qazlal
Sif Muna
Uskayaw
Vehumet
Beogh

Shops:
D:4 }   D:5 =

Annotations:
Orc:1 SpeedVeins's ghost, journeyman MiFi


Innate Abilities, Weirdness & Mutations

Your experience applies equally to all skills.
You have very sharp teeth.
Your uncanny sense of smell can sniff out nearby items.
You have large cloven feet.
Your system is resistant to poisons. (rPois)
You occasionally shout uncontrollably at your foes.


Message History

Your kick misses SpeedVeins's ghost.
SpeedVeins's ghost is lightly damaged.
You hit the orc knight. You block SpeedVeins's ghost's attack.
The orc knight misses you. You block the orc knight's attack.
Unknown command.
Unknown command.
You slash the orc warlord!
You kick the orc warlord, but do no damage.
Your bite misses the orc warlord.
The orc warlord is lightly wounded.
You hit SpeedVeins's ghost. You hit the orc knight.
The orc warlord hits you with the +6 great mace of Internal Strife {venom, Ouch!
That really hurt!
* * * LOW HITPOINT WARNING * * *
You block SpeedVeins's ghost's attack. You block the orc knight's attack.
SpeedVeins's ghost completely misses you.
You block SpeedVeins's ghost's attack. You block the orc knight's attack.
SpeedVeins's ghost closely misses you.
The orc warlord hits you with the +6 great mace of Internal Strife {venom, You die...

......# #..........# ....###
##.........## ......#
#....#.....## ......##
##..........# ###8...#
##..........## ...#...##
####...........## ...#....##
##...............#
...#.....###.....o.........##
###8....###.8...@Wo.......8#
......#..#..######o''#######
......#.###.#.ooo.o....$..#
....###..##.#.oho#####....#
..##........#.###o.o..###.#
..##........#.#8#oo8..#8#.#
..........###.....o.......#
......#.....#8....._[...
##...#...)..#######


You could see an orc warlord, 2 orc knights, a warg, 3 orc warriors, 2 orc
priests, SpeedVeins's ghost and 4 orcs.

Vanquished Creatures
  An orc high priest (Orc:1)
  Pikel (D:5)
  A cyclops (Orc:1)
  3 trolls
  Prince Ribbit (D:6)
  A hippogriff (D:7)
  Sigmund (D:6)
  4 yaks (D:9)
  A wyvern (D:9)
  A hungry ghost (D:9)
  6 wargs
  Duvessa (D:5)
  2 sky beasts (D:9)
  9 orc warriors
  A black bear (D:6)
  17 ogres
  3 centaurs
  Blork the orc (D:5)
  4 bullfrogs
  A wyvern zombie (D:9)
  5 gnoll sergeants
  A water moccasin zombie (D:9)
  2 scorpions (D:3)
  Dowan (D:5)
  2 howler monkeys
  A centaur zombie (D:8)
  3 crimson imps
  2 bullfrog zombies
  A human zombie (Ossuary)
  2 jellies
  11 orc priests
  2 gnoll shamans (D:5)
  9 hounds
  An iguana (D:8)
  7 orc wizards
  8 worker ants
  3 killer bee zombies (D:6)
  A big kobold zombie (Ossuary)
  4 hound zombies
  4 mummies (Ossuary)
  21 gnolls
  6 adders
  2 shadow imps
  2 adder zombies
  2 adder skeletons
  A dart slug (D:1)
  4 leopard geckos
  46 orcs
  6 giant cockroaches
  4 hobgoblins
  3 jackals (D:5)
  5 kobolds
  4 quokkas
  2 bats (D:2)
  6 frilled lizards
  4 goblins
  A jackal zombie (Ossuary)
  A kobold zombie (Ossuary)
  2 orc zombies (Ossuary)
  A quokka skeleton (D:9)
  5 rats
  2 rat zombies (Ossuary)
260 creatures vanquished.

Vanquished Creatures (others)
  A bullfrog zombie (D:5)
  A hound (D:9)
  An orc (D:5)
3 creatures vanquished.

Grand Total: 263 creatures vanquished

Notes
Turn   | Place    | Note
-------+----------+-------------------------------------------
     0 | D:1      | Hercules1031 the Gnoll Fighter began the quest for the Orb.
     0 | D:1      | Reached XP level 1. HP: 23/23 MP: 1/1
   164 | D:1      | Reached XP level 2. HP: 29/29 MP: 2/2
   705 | D:2      | Reached XP level 3. HP: 32/35 MP: 3/3
   706 | D:2      | Found a sparkling altar of Nemelex Xobeh.
  1073 | D:3      | Reached skill level 1 in Invocations
  1115 | D:3      | Noticed a scorpion
  1135 | D:3      | Killed a scorpion
  1135 | D:3      | Reached skill level 1 in Short Blades
  1135 | D:3      | Reached skill level 1 in Long Blades
  1135 | D:3      | Reached skill level 1 in Maces & Flails
  1135 | D:3      | Reached skill level 1 in Polearms
  1135 | D:3      | Reached skill level 1 in Staves
  1135 | D:3      | Reached skill level 1 in Slings
  1135 | D:3      | Reached skill level 1 in Bows
  1135 | D:3      | Reached skill level 1 in Crossbows
  1135 | D:3      | Reached skill level 1 in Throwing
  1135 | D:3      | Reached skill level 1 in Dodging
  1135 | D:3      | Reached skill level 1 in Stealth
  1135 | D:3      | Reached skill level 1 in Unarmed Combat
  1135 | D:3      | Reached skill level 1 in Spellcasting
  1135 | D:3      | Reached skill level 1 in Conjurations
  1135 | D:3      | Reached skill level 1 in Hexes
  1135 | D:3      | Reached skill level 1 in Charms
  1135 | D:3      | Reached skill level 1 in Summonings
  1135 | D:3      | Reached skill level 1 in Necromancy
  1135 | D:3      | Reached skill level 1 in Translocations
  1135 | D:3      | Reached skill level 1 in Transmutations
  1135 | D:3      | Reached skill level 1 in Fire Magic
  1135 | D:3      | Reached skill level 1 in Ice Magic
  1135 | D:3      | Reached skill level 1 in Air Magic
  1135 | D:3      | Reached skill level 1 in Earth Magic
  1135 | D:3      | Reached skill level 1 in Poison Magic
  1135 | D:3      | Reached skill level 1 in Evocations
  1135 | D:3      | Reached XP level 4. HP: 23/41 MP: 5/5
  1461 | D:3      | Gained mutation: You tend to lose your temper in combat.
                  | [potion of mutation]
  1461 | D:3      | Gained mutation: Armour fits poorly on your strangely
                  | shaped body. [potion of mutation]
  1461 | D:3      | Gained mutation: You have large cloven feet. [potion of
                  | mutation]
  1461 | D:3      | Gained mutation: Your muscles are strong. (Str +2) [potion
                  | of mutation]
  1462 | D:3      | Lost mutation: Your muscles are strong. (Str +2) [potion of
                  | mutation]
  1462 | D:3      | Lost mutation: You tend to lose your temper in combat.
                  | [potion of mutation]
  1462 | D:3      | Lost mutation: Armour fits poorly on your strangely shaped
                  | body. [potion of mutation]
  1462 | D:3      | Gained mutation: You occasionally shout uncontrollably at
                  | your foes. [potion of mutation]
  1462 | D:3      | Gained mutation: Your system is resistant to poisons.
                  | (rPois) [potion of mutation]
  1739 | D:3      | Reached XP level 5. HP: 47/47 MP: 6/6
  1761 | D:3      | Found a faded altar of an unknown god.
  1766 | D:3      | Became a worshipper of Cheibriados the Contemplative
  1766 | D:3      | Reached * piety under Cheibriados
  2313 | D:4      | Noticed an ogre
  2323 | D:4      | Killed an ogre
  2347 | D:3      | Reached XP level 6. HP: 19/53 MP: 8/8
  2385 | D:4      | Found Pafe's Gadget Boutique.
  2392 | D:4      | Found a radiant altar of Vehumet.
  2492 | D:4      | Reached skill level 5 in Axes
  2542 | D:4      | Reached ** piety under Cheibriados
  2666 | D:4      | Found a shattered altar of Ashenzari.
  2670 | D:4      | Saw a vision of the Shoals and the Snake Pit.
  2670 | D:4      | Noticed a naga
  2670 | D:4      | Noticed a naga
  2670 | D:4      | Noticed a shock serpent
  2670 | D:4      | Noticed a merfolk
  2670 | D:4      | Noticed a hippogriff
  2670 | D:4      | Noticed a naga mage
  2670 | D:4      | Noticed a naga warrior
  2670 | D:4      | Noticed a hippogriff
  2670 | D:4      | Noticed a merfolk
  2670 | D:4      | Noticed a mana viper
  2687 | D:4      | Noticed a merfolk
  2687 | D:4      | Noticed a merfolk
  2691 | D:4      | Noticed a merfolk
  3038 | D:5      | Entered Level 5 of the Dungeon
  3044 | D:5      | Reached XP level 7. HP: 58/59 MP: 10/10
  3064 | D:5      | Noticed Blork the orc
  3080 | D:5      | Killed Blork the orc
  3089 | D:5      | Found a burning altar of Makhleb.
  3100 | D:5      | Noticed Duvessa
  3106 | D:5      | Noticed Dowan
  3130 | D:5      | Killed Dowan
  3132 | D:5      | Killed Duvessa
  3167 | D:5      | Found a staircase to the Ecumenical Temple.
  3325 | D:5      | Noticed Pikel
  3342 | D:5      | Killed Pikel
  3342 | D:5      | Reached XP level 8. HP: 62/67 MP: 12/12
  3795 | D:5      | Reached *** piety under Cheibriados
  3872 | D:5      | Reached XP level 9. HP: 56/72 MP: 14/14
  3998 | D:5      | Found Noanaps's Jewellery Shoppe.
  4210 | D:6      | Noticed Sigmund
  4225 | D:6      | Killed Sigmund
  4232 | D:6      | Noticed Prince Ribbit
  4247 | D:6      | Killed Prince Ribbit
  4256 | D:6      | Reached **** piety under Cheibriados
  4581 | D:6      | Found an iron altar of Okawaru.
  5177 | D:7      | Found a sand-covered staircase.
  5182 | Ossuary  | Entered an ossuary
  5503 | Ossuary  | Was placed under penance by Cheibriados
  5594 | D:7      | Reached skill level 5 in Invocations
  5678 | D:7      | Was forgiven by Cheibriados
  5890 | D:7      | Reached XP level 10. HP: 80/80 MP: 15/17
  6294 | D:8      | Found a deep blue altar of Sif Muna.
  6433 | D:8      | Found a hide-covered altar of Uskayaw.
  6796 | D:9      | Reached skill level 5 in Short Blades
  6796 | D:9      | Reached skill level 5 in Long Blades
  6796 | D:9      | Reached skill level 5 in Maces & Flails
  6796 | D:9      | Reached skill level 5 in Polearms
  6796 | D:9      | Reached skill level 5 in Staves
  6796 | D:9      | Reached skill level 5 in Slings
  6796 | D:9      | Reached skill level 5 in Bows
  6796 | D:9      | Reached skill level 5 in Crossbows
  6796 | D:9      | Reached skill level 5 in Throwing
  6796 | D:9      | Reached skill level 5 in Dodging
  6796 | D:9      | Reached skill level 5 in Stealth
  6796 | D:9      | Reached skill level 5 in Unarmed Combat
  6796 | D:9      | Reached skill level 5 in Spellcasting
  6796 | D:9      | Reached skill level 5 in Evocations
  6982 | D:9      | Found a staircase to the Orcish Mines.
  7374 | D:9      | Found a stormy altar of Qazlal.
  7454 | D:9      | Reached XP level 11. HP: 41/87 MP: 19/19
  7724 | Orc:1    | Entered Level 1 of the Orcish Mines
  7738 | D:9      | Reached ***** piety under Cheibriados
  8097 | Orc:1    | Noticed a cyclops
  8140 | Orc:1    | Killed a cyclops
  8140 | Orc:1    | Reached skill level 5 in Conjurations
  8140 | Orc:1    | Reached skill level 5 in Hexes
  8140 | Orc:1    | Reached skill level 5 in Charms
  8140 | Orc:1    | Reached skill level 5 in Summonings
  8140 | Orc:1    | Reached skill level 5 in Necromancy
  8140 | Orc:1    | Reached skill level 5 in Translocations
  8140 | Orc:1    | Reached skill level 5 in Transmutations
  8140 | Orc:1    | Reached skill level 5 in Fire Magic
  8140 | Orc:1    | Reached skill level 5 in Ice Magic
  8140 | Orc:1    | Reached skill level 5 in Air Magic
  8140 | Orc:1    | Reached skill level 5 in Earth Magic
  8140 | Orc:1    | Reached skill level 5 in Poison Magic
  8368 | Orc:1    | Found a roughly hewn altar of Beogh.
  8375 | Orc:1    | Noticed an orc high priest
  8384 | Orc:1    | Noticed a sun demon
  8384 | Orc:1    | Killed an orc high priest
  8741 | Orc:1    | Found a runed gate.
  8741 | Orc:1    | Noticed an orc knight
  8742 | Orc:1    | Noticed SpeedVeins's ghost (journeyman MiFi)
  8742 | Orc:1    | Found a runed gate.
  8742 | Orc:1    | Identified the +6 great mace of Internal Strife {venom,
                  | MP+9}
  8742 | Orc:1    | Noticed an orc warlord
  8742 | Orc:1    | Noticed an orc knight
  8743 | Orc:1    | Found a runed gate.
  8894 | Orc:1    | Found a roughly hewn altar of Beogh.
  8908 | Orc:1    | Slain by an orc warlord

Vault maps used:
D:1:      dpeg_arrival_renting
D:2:      nemelex_xobeh_ov_fountains_minmay
D:3:      chequers_ecumenical_altar_simple_redux, dk_noncrumbling_3
D:4:      fiery_altar_vehumet, first_ration, serial_shops, shop,
          grunt_ashenzari_visionary
D:5:      minmay_temple_entry_glass, serial_gnoll_camp, gnoll_camp_mini_shop,
          gnoll_camp_mini_hut, gnoll_camp_huts_basic, gnoll_camp_mini_loothouse,
          makhleb_heckhound_becter, uniq_pikel, uniq_duvessa, uniq_blork_the_orc
D:6:      okawaru_ov_weapons_minmay, uniq_sigmund, uniq_prince_ribbit1
D:7:      enter_ossuary_5
D:8:      kennysheep_mini_moat, basic_altar
D:9:      kennysheep_orc_monster_closet_entryway,
          nicolae_qazlal_style_of_elements
Orc:1:    cheibrodos_orc_guarddog, biasface_ghost_orc_armoury, basic_altar
Ossuary:  ossuary_minmay_tomb_2a

Skill      XL: |  1  2  3  4  5  6  7  8  9 10 11 |
---------------+----------------------------------+-----
Invocations    | 1 2 3 4 5 6 |  6.9
Short Blades   | 1 2 3 4 5 6 |  6.3
Long Blades    | 1 2 3 4 5 6 |  6.3
Maces & Flails | 1 2 3 4 5 6 |  6.3
Polearms       | 1 2 3 4 5 6 |  6.3
Staves         | 1 2 3 4 5 6 |  6.3
Slings         | 1 2 3 4 5 6 |  6.3
Bows           | 1 2 3 4 5 6 |  6.3
Crossbows      | 1 2 3 4 5 6 |  6.3
Throwing       | 1 2 3 4 5 6 |  6.3
Dodging        | 1 2 3 4 5 6 |  6.3
Stealth        | 1 2 3 4 5 6 |  6.3
Unarmed Combat | 1 2 3 4 5 6 |  6.3
Spellcasting   | 1 2 3 4 5 6 |  6.3
Conjurations   | 1 2 3 4 5 |  5.2
Hexes          | 1 2 3 4 5 |  5.2
Charms         | 1 2 3 4 5 |  5.2
Summonings     | 1 2 3 4 5 |  5.2
Necromancy     | 1 2 3 4 5 |  5.2
Translocations | 1 2 3 4 5 |  5.2
Transmutations | 1 2 3 4 5 |  5.2
Fire Magic     | 1 2 3 4 5 |  5.2
Ice Magic      | 1 2 3 4 5 |  5.2
Air Magic      | 1 2 3 4 5 |  5.2
Earth Magic    | 1 2 3 4 5 |  5.2
Poison Magic   | 1 2 3 4 5 |  5.2
Evocations     | 1 2 3 4 5 6 |  6.3
Axes           | 5 6 7 |  7.9
Fighting       | 7 8 9 |  9.2
Armour         | 7 8 9 |  9.2
Shields        | 7 8 9 |  9.2

Action                   |  1- 3 |  4- 6 |  7- 9 | 10-12 || total
-------------------------+-------+-------+-------+-------++-------
Melee: War axe           |    99 |    16 |       |    92 ||   207
       Bite              |     7 |    19 |    74 |    65 ||   165
       Kick              |       |    44 |   229 |   216 ||   489
       Unarmed           |       |   104 |   385 |   290 ||   779
  Use: Scroll            |     2 |     3 |    13 |     1 ||    19
       Potion            |     4 |     5 |     8 |    14 ||    31
 Stab: Invisible         |       |       |       |     4 ||     4
  Eat: Ration            |     2 |       |     1 |     8 ||    11
Armor: Scale mail        |    42 |     7 |       |       ||    49
       Chain mail        |       |    43 |   173 |    23 ||   239
       Skin              |       |       |    16 |       ||    16
       Plate armour      |       |       |       |   147 ||   147
Dodge: Dodged            |    38 |    63 |   301 |   323 ||   725
Block: Shield            |    70 |   105 |   414 |   465 ||  1054

Table legend:
 A = Non-vault XP
 B = Vault XP
 C = Vault XP percentage of total XP
 D = Non-vault monster count
 E = Vault monster count
 F = Vault count percentage of total count
                 A         B        C        D         E       F
            +---------+---------+-------+---------+---------+-------
      Total |    9655 |    4611 |  32.3 |     191 |      68 |  26.3
            +---------+---------+-------+---------+---------+-------
        D:1 |      25 |       0 |   0.0 |      13 |       0 |   0.0
        D:2 |      24 |       0 |   0.0 |       9 |       0 |   0.0
        D:3 |     206 |       0 |   0.0 |      23 |       0 |   0.0
        D:4 |     334 |       0 |   0.0 |      13 |       0 |   0.0
        D:5 |     297 |    1607 |  84.4 |       8 |      26 |  76.5
        D:6 |     755 |     522 |  40.9 |      23 |       2 |   8.0
        D:7 |     697 |       0 |   0.0 |      10 |       0 |   0.0
        D:8 |     713 |       0 |   0.0 |      17 |       0 |   0.0
        D:9 |    3848 |    1606 |  29.4 |      50 |      20 |  28.6
      Orc:1 |    2756 |     672 |  19.6 |      25 |       4 |  13.8
    Ossuary |       0 |     204 | 100.0 |       0 |      16 | 100.0
            +---------+---------+-------+---------+---------+-------
